[Event "Team 45 45 League T81"]
[Site "Internet Chess Club"]
[Date "2019.07.13"]
[Round "3"]
[White "noblitz-oblige"]
[Black "olivermx"]
[Result "1-0"]
[WhiteElo "1541"]
[BlackElo "1260"]
[Opening "Giuoco Piano"]
[ECO "C54"]
[Time "10:18:06"]
[TimeControl "2700+45"]

1. e4 e5 2. Nf3 Nc6 3. Bc4 Bc5 4. c3 Nf6 5. d4 exd4 6. cxd4 Bb6 7. O-O h6 8. e5
Nh7 9. Nc3 d6 10. Re1 O-O 11. h3 dxe5 12. dxe5 Qxd1 13. Rxd1 Be6 14. Bxe6 fxe6
15. a3 Rad8 16. Rxd8 Rxd8 17. Bf4 Nf8 18. Rd1 Rxd1+ 19. Nxd1 Ng6 20. Bg3 Nb8 21.
Ne3 c6 22. Nc4 Bc7 23. Nd6 b5 24. Nd4 Nf8 25. Bf4 Bb6 26. Be3 Bxd4 27. Bxd4 a6
28. f4 g5 29. fxg5 hxg5 30. Ne4 Nh7 31. Kf2 Nd7 32. Kg3 Kf7 33. Kg4 Kg6 34. Kf3
Kf5 35. g4+ Kg6 36. Ke3 Kh6 37. Nc5 Nhf8 38. Nxa6 Ng6 39. Ke4 Nf4 40. h4 Ng2 41.
h5 Nf4 42. b3 Nd5 43. Nc5 Nxc5+ 44. Bxc5 Nf4 45. a4 {Black resigns} 1-0

[Event "Team 45 45 League T81"]
[Site "Internet Chess Club"]
[Date "2019.07.15"]
[Round "3"]
[White "Toalla"]
[Black "kingsrook"]
[Result "1-0"]
[WhiteElo "1251"]
[BlackElo "1228"]
[Opening "QGD: Tarrasch, Prague variation, Normal position"]
[ECO "D30"]
[Time "14:00:36"]
[TimeControl "2700+45"]

1. d4 d5 2. c4 e6 3. Nf3 Nf6 4. g3 c5 5. cxd5 exd5 6. Bg2 Be7 7. O-O Nc6 8. Nc3
O-O 9. dxc5 Bxc5 10. Bg5 h6 11. Bxf6 Qxf6 12. Qxd5 Qd6 13. Qxd6 Bxd6 14. Rfd1
Bc5 15. a3 Be6 16. b4 Bb6 17. e3 a6 18. Nd5 Ba7 19. Nc7 Rac8 20. Nxe6 fxe6 21.
Rd7 Rb8 22. Rad1 Rfd8 23. Bh3 Kf8 24. Bxe6 Rxd7 25. Rxd7 Nd8 26. Bd5 Bb6 27. Ne5
a5 28. Ng6+ {Black resigns} 1-0

[Event "Team 45 45 League T81"]
[Site "Internet Chess Club"]
[Date "2019.07.14"]
[Round "3"]
[White "idjit"]
[Black "President"]
[Result "0-1"]
[WhiteElo "1604"]
[BlackElo "1691"]
[Opening "Owen defense"]
[ECO "B00"]
[Time "14:03:10"]
[TimeControl "2700+45"]

1. e4 b6 2. d4 Bb7 3. Bd3 e6 4. Nf3 Nf6 5. Qe2 d6 6. O-O Be7 7. c4 O-O 8. Nc3 c5
9. d5 e5 10. Bd2 Bc8 11. a3 Bg4 12. b4 Nh5 13. h3 Bxf3 14. Qxf3 g6 15. b5 Bg5
16. Be1 Nf4 17. Ne2 Qf6 18. Nxf4 Qxf4 19. Qxf4 Bxf4 20. g3 Bg5 21. f4 exf4 22.
gxf4 Bf6 23. Bg3 Bxa1 {White resigns} 0-1

[Event "Team 45 45 League T81"]
[Site "Internet Chess Club"]
[Date "2019.07.10"]
[Round "3"]
[White "tryanything"]
[Black "liujf"]
[Result "1/2-1/2"]
[WhiteElo "1493"]
[BlackElo "1564"]
[Opening "Sicilian: Kan, 5.Nc3"]
[ECO "B43"]
[Time "19:30:37"]
[TimeControl "2700+45"]

1. e4 c5 2. Nc3 e6 3. Nf3 a6 4. d4 cxd4 5. Nxd4 Qc7 6. g3 Nf6 7. Bg2 Bb4 8. Bd2
O-O 9. O-O Nc6 10. Nce2 Bxd2 11. Qxd2 b5 12. Nxc6 dxc6 13. e5 Nd5 14. f4 Bb7 15.
Nc3 Rfd8 16. Ne4 Qb6+ 17. Qf2 Qxf2+ 18. Rxf2 Ne3 19. Nd6 Nxg2 20. Kxg2 Rab8 21.
Rd2 c5+ 22. Kf2 Bd5 23. b3 f6 24. Rad1 fxe5 25. fxe5 Rf8+ 26. Ke3 Rf3+ 27. Ke2
Rbf8 28. c4 Rf2+ 29. Kd3 R8f3+ 30. Kc2 Bc6 31. Rxf2 Rxf2+ 32. Rd2 Rf3 33. Re2
Kf8 34. Kd2 Ke7 35. Re3 Rf2+ 36. Re2 Rf8 37. Ke3 Rf1 38. Rf2 Re1+ 39. Re2 Rxe2+
40. Kxe2 Kd7 41. Kd3 Kc7 42. h4 Kb6 43. Kc3 b4+ 44. Kd3 h6 45. Ke3 a5 46. g4 a4
47. Nf7 Be8 48. Nd6 {Game drawn by mutual agreement} 1/2-1/2

[Event "Team 45 45 League T81"]
[Site "Internet Chess Club"]
[Date "2019.07.14"]
[Round "3"]
[White "Pawnchain"]
[Black "Electryon"]
[Result "0-1"]
[WhiteElo "1472"]
[BlackElo "1441"]
[Opening "Scandinavian (center counter) defense"]
[ECO "B01"]
[Time "15:02:06"]
[TimeControl "2700+45"]

1. e4 d5 2. exd5 Qxd5 3. Nc3 Qd8 4. d4 c6 5. Bc4 Bf5 6. Nf3 e6 7. O-O Nf6 8. Bg5
Be7 9. Re1 O-O 10. Nh4 Bg6 11. Nxg6 hxg6 12. Be3 Nd5 13. Bxd5 cxd5 14. Bf4 a6
15. h3 Nc6 16. Qd3 Bf6 17. Be5 Bxe5 18. dxe5 Qc7 19. Qg3 Nd4 20. Rac1 b5 21. Qg4
Nc6 22. Qg3 Rac8 23. f4 Ne7 24. Ne2 Nf5 25. Qd3 Qe7 26. c3 g5 {White resigns}
0-1

[Event "Team 45 45 League T81"]
[Site "Internet Chess Club"]
[Date "2019.07.11"]
[Round "3"]
[White "fireball"]
[Black "QuieroAprender"]
[Result "0-1"]
[WhiteElo "1562"]
[BlackElo "1687"]
[Opening "King's pawn game"]
[ECO "C50"]
[Time "20:31:06"]
[TimeControl "2700+45"]

1. e4 e5 2. Nf3 Nc6 3. Bc4 h6 4. O-O Nf6 5. Nc3 Bc5 6. h3 O-O 7. d3 Re8 8. a3 d6
9. b4 Bb6 10. Re1 Be6 11. Nd5 Bxd5 12. exd5 Ne7 13. Nh4 Nexd5 14. Qf3 Bd4 15.
Rb1 Nc3 16. Rb3 d5 17. Bd2 dxc4 18. dxc4 e4 19. Qf5 Re5 20. Qf4 g5 21. Qg3 Nh5
22. Qg4 Bxf2+ 23. Kxf2 Qxd2+ 24. Kf1 Qf4+ 25. Qxf4 Nxf4 26. Nf3 exf3 27. Rxe5
fxg2+ 28. Kf2 Nce2 29. Rb1 g1=Q+ 30. Rxg1 Nxg1 31. Kxg1 Nxh3+ 32. Kg2 Nf4+ 33.
Kg3 Rd8 34. Re7 Ne6 {White resigns} 0-1

[Event "Team 45 45 League T81"]
[Site "Internet Chess Club"]
[Date "2019.07.14"]
[Round "3"]
[White "wildwood"]
[Black "nidusin2"]
[Result "1/2-1/2"]
[WhiteElo "1539"]
[BlackElo "1514"]
[Opening "Queen's Pawn"]
[ECO "A41"]
[Time "04:11:25"]
[TimeControl "2700+45"]

1. d4 d6 2. Nf3 Nf6 3. Bf4 Nbd7 4. e3 c6 5. Bd3 Qc7 6. Nbd2 e5 7. dxe5 dxe5 8.
Bg3 Bd6 9. Nc4 b5 10. Nxd6+ Qxd6 11. h3 Qb4+ 12. c3 Qxb2 13. Qb1 Qxc3+ 14. Nd2
O-O 15. Ke2 Nc5 16. Rc1 Qxd3+ 17. Qxd3 Nxd3 18. Kxd3 e4+ 19. Ke2 Bb7 20. Nb3
Rac8 21. Nc5 Ba8 22. Bh4 Rfe8 23. Bxf6 gxf6 24. g4 Kg7 25. a4 b4 26. Rc4 a5 27.
Nxe4 Re5 28. f4 Rd5 29. Rd1 Rcd8 30. Rdd4 h6 31. h4 Bb7 32. Nc5 Bc8 33. Kf3 Rxd4
34. exd4 Rd5 35. Nb3 Bd7 36. f5 h5 37. gxh5 Rxf5+ 38. Kg3 Rxh5 39. Nc5 Rd5 40.
Kf4 Kg6 41. Ke3 Be6 42. Nxe6 fxe6 43. Rxc6 Kf7 44. Rb6 Ke7 45. Rb7+ Kd6 46. Rb6+
Kd7 47. Ra6 e5 48. Rxf6 exd4+ 49. Kd3 Rd6 50. Rf4 Ke6 51. h5 Ke5 52. Rh4 Rh6 53.
Re4+ Kf5 54. Rh4 Kg5 55. Rxd4 Rxh5 56. Rd5+ Kg6 57. Rd6+ Kf7 58. Kc4 Ke7 59. Rb6
Kd7 60. Ra6 Kc7 61. Rg6 Re5 62. Kd4 Rf5 63. Kc4 Rf8 64. Ra6 Rf5 65. Rg6 Kb7 66.
Re6 Kc7 67. Rg6 Kd7 68. Rh6 Kc7 69. Re6 Kb7 70. Rg6 Rf8 71. Rg5 Ra8 72. Rh5 Ra6
73. Rh7+ Kb8 74. Rh5 Kc7 75. Rh7+ Kc6 76. Rh6+ Kb7 77. Rh7+ Kc8 78. Rg7 Rb6 79.
Kb3 Rc6 80. Ra7 Rc3+ 81. Kb2 Rc5 82. Kb3 Rh5 83. Kc4 Kb8 84. Ra6 Kb7 85. Rg6
Rh4+ 86. Kb3 Rh3+ 87. Kc4 Ra3 88. Kb5 b3 89. Kxa5 b2 90. Rb6+ Ka7 91. Rxb2 Rh3
92. Rb5 Rh4 93. Rg5 Rh7 94. Kb4 Rh4+ 95. Kb5 Rh1 96. a5 Rb1+ 97. Kc4 Ka6 98. Rh5
Rb2 99. Kc3 Rb5 100. Rxb5 Kxb5 101. a6 Kxa6 {Game drawn because neither player
has mating material} 1/2-1/2

[Event "Team 45 45 League T81"]
[Site "Internet Chess Club"]
[Date "2019.07.11"]
[Round "3"]
[White "Skeptic1972"]
[Black "tightfist"]
[Result "1-0"]
[WhiteElo "1418"]
[BlackElo "1520"]
[Opening "French: Rubinstein variation"]
[ECO "C10"]
[Time "14:30:57"]
[TimeControl "2700+45"]

1. e4 e6 2. d4 d5 3. Nc3 dxe4 4. Nxe4 Nf6 5. Nxf6+ Qxf6 6. Nf3 h6 7. Bc4 Bd6 8.
Be3 O-O 9. O-O Bd7 10. c3 Bc6 11. a4 Bxf3 12. Qxf3 Qxf3 13. gxf3 Nd7 14. Kh1 Kh8
15. Rg1 Nf6 16. Rg2 Nd5 17. Rag1 Rg8 18. a5 Bf4 19. Bxd5 Bxe3 20. fxe3 exd5 21.
e4 dxe4 22. fxe4 f6 23. b4 Rae8 24. Re2 a6 25. Kg2 Re6 26. Kf3 c6 27. Kf4 g6 28.
Rxg6 Rxe4+ 29. Rxe4 Rxg6 30. Re8+ Rg8 31. Rxg8+ Kxg8 32. Kf5 Kf7 33. h4 Kg7 34.
h5 Kf7 35. c4 Ke7 36. Kg6 Ke6 37. Kxh6 Kf7 38. d5 cxd5 39. cxd5 Ke7 40. Kg6 Kd6
41. Kxf6 Kxd5 42. h6 Kc4 43. h7 Kxb4 44. h8=Q Kxa5 45. Qd8+ b6 46. Ke5 Kb5 47.
Qd5+ Kb4 48. Kd4 b5 49. Qc5+ Ka4 50. Kc3 Ka5 51. Qd4 b4+ 52. Qxb4# {Black
checkmated} 1-0

[Event "Team 45 45 League T81"]
[Site "Internet Chess Club"]
[Date "2019.07.12"]
[Round "3"]
[White "Kingofknights"]
[Black "JPSVI"]
[Result "0-1"]
[WhiteElo "1530"]
[BlackElo "1493"]
[Opening "QGD Slav: Tolush-Geller gambit"]
[ECO "D15"]
[Time "12:01:32"]
[TimeControl "2700+45"]

1. d4 d5 2. c4 c6 3. Nf3 Nf6 4. Nc3 dxc4 5. e4 b5 6. e5 Nd5 7. a4 e6 8. axb5
Nxc3 9. bxc3 cxb5 10. Ng5 Bb7 11. Qg4 h6 12. Ne4 Qd5 13. f3 Nd7 14. Ba3 Bxa3 15.
Rxa3 O-O 16. Nd6 Nxe5 17. dxe5 Qxe5+ 18. Ne4 f5 19. Qh5 Bxe4 20. fxe4 Qxe4+ 21.
Qe2 Qxe2+ 22. Bxe2 a5 23. Bf3 Ra7 24. Bc6 Rc8 25. Bf3 g5 26. Kd2 g4 27. Be2 Rc5
28. h3 Rd5+ 29. Kc2 h5 30. hxg4 hxg4 31. Rha1 a4 32. Rf1 Rad7 33. Bxc4 Rd2+ 34.
Kc1 bxc4 35. Rxa4 Rxg2 36. Rxc4 Ra7 37. Kb1 Raa2 38. Re1 Rae2 39. Rd1 Kf7 40.
Rcd4 Kf6 41. c4 g3 42. c5 Rgf2 43. Rd8 g2 44. Rg8 Rf1 45. Kc1 f4 46. c6 Ree1 47.
Rxg2 Rxd1+ 48. Kb2 Rc1 49. Rf2 Rxf2+ 50. Kxc1 Ke7 {White resigns} 0-1

[Event "Team 45 45 League T81"]
[Site "Internet Chess Club"]
[Date "2019.07.13"]
[Round "3"]
[White "fledermaus"]
[Black "Packerfan"]
[Result "1-0"]
[WhiteElo "1910"]
[BlackElo "1716"]
[Opening "QGD semi-Slav"]
[ECO "D43"]
[Time "10:03:59"]
[TimeControl "2700+45"]

1. Nf3 d5 2. d4 Nf6 3. c4 c6 4. Nc3 e6 5. Bg5 Be7 6. e3 h6 7. Bh4 O-O 8. Rc1
Nbd7 9. Bd3 Re8 10. O-O dxc4 11. Bxc4 Nd5 12. Bxe7 Qxe7 13. e4 Nxc3 14. Rxc3 e5
15. dxe5 Nxe5 16. Nxe5 Qxe5 17. Qb3 Qe7 18. Rg3 Rb8 19. f4 Be6 20. Qc3 f6 21.
Bd3 Kh8 22. e5 fxe5 23. f5 Bd5 24. f6 gxf6 25. Qd2 Qf8 26. Rg6 Re6 27. Rxh6+ Kg7
28. Bf5 Rd6 29. Rh7+ Kg8 30. Qf2 Qg7 31. Rxg7+ Kxg7 32. Qxa7 Rdd8 33. a3 Rg8 34.
Qe3 Kf7 35. Be4 Ke6 36. Qh3+ Kd6 37. Rxf6+ Ke7 38. Bxd5 {Black resigns} 1-0

[Event "Team 45 45 League T81"]
[Site "Internet Chess Club"]
[Date "2019.07.14"]
[Round "3"]
[White "kllrchris"]
[Black "zepled37"]
[Result "1-0"]
[WhiteElo "1609"]
[BlackElo "1685"]
[Opening "KGA: Abbazia defense, modern variation"]
[ECO "C31"]
[Time "18:03:41"]
[TimeControl "2700+45"]

1. e4 e5 2. f4 d5 3. exd5 exf4 4. Nf3 Nf6 5. Bc4 Be7 6. Nc3 O-O 7. O-O c6 8. d4
cxd5 9. Bd3 Nc6 10. a3 Bg4 11. Bxf4 Qb6 12. Ne2 Rac8 13. b4 h6 14. c3 Rfe8 15.
h3 Bh5 16. Ng3 Bg6 17. Nh4 Bxd3 18. Qxd3 Nd8 19. Nhf5 Bf8 20. Be5 Nh7 21. Kh1
Qc6 22. Rac1 Ne6 23. Qf3 Nhg5 24. Qg4 g6 25. h4 h5 26. Nxh5 gxh5 27. Qxh5 Nh7
28. Rf3 Ng7 29. Nxg7 Bxg7 30. Qxf7+ Kh8 31. Qxg7# {Black checkmated} 1-0

[Event "Team 45 45 League T81"]
[Site "Internet Chess Club"]
[Date "2019.07.11"]
[Round "3"]
[White "justice02"]
[Black "WillC"]
[Result "1-0"]
[WhiteElo "1624"]
[BlackElo "1645"]
[Opening "Queen's pawn game, Darooha variation "]
[ECO "D02"]
[Time "19:31:23"]
[TimeControl "2700+45"]

1. Nf3 d5 2. d4 Nf6 3. g3 b6 4. Bg2 Bb7 5. O-O e6 6. c3 Bd6 7. a4 a6 8. Nbd2
Nbd7 9. Re1 O-O 10. Qc2 c5 11. e3 Rc8 12. Bf1 Ne4 13. Nxe4 dxe4 14. Nd2 f5 15.
Qd1 c4 16. Bxc4 Qf6 17. Qb3 Rfe8 18. Bf1 Kh8 19. c4 Rc7 20. a5 bxa5 21. c5 Bd5
22. Qa4 Be7 23. Qxa5 Ra7 24. Qc3 a5 25. Rxa5 Rxa5 26. Qxa5 e5 27. Qc3 exd4 28.
exd4 h5 29. Bb5 Rd8 30. Nc4 Nb8 31. Bf4 Nc6 32. Bxc6 Qxc6 33. Ne5 Qe6 34. h4 Qa6
35. b4 Bf6 36. Ra1 Qe2 37. c6 Bxe5 38. Bxe5 e3 39. Qxe3 Qg4 40. Qg5 Qxg5 41.
hxg5 Bxc6 42. Ra6 Be4 43. Ra7 Rc8 44. Rc7 Rxc7 45. Bxc7 g6 46. b5 Kg8 47. b6 Kf7
48. f4 Ke6 49. Kf2 Kd5 50. Ke3 Kc6 51. Kd2 Bd5 52. Kc3 Kb5 53. Bd8 Bc6 54. d5
Bxd5 55. Kd4 Bc6 56. Ke5 Kc5 57. Kf6 Kd5 58. Kxg6 Ke4 59. Kxh5 Kf3 60. Kh4
{Black resigns} 1-0

[Event "Team 45 45 League T81"]
[Site "Internet Chess Club"]
[Date "2019.07.12"]
[Round "3"]
[White "Gojira"]
[Black "Grenadier"]
[Result "0-1"]
[WhiteElo "1616"]
[BlackElo "1599"]
[Opening "Queen's pawn: London system"]
[ECO "A45"]
[Time "20:01:19"]
[TimeControl "2700+45"]

1. d4 Nf6 2. Bf4 d6 3. e3 Nbd7 4. Nf3 b6 5. Be2 Bb7 6. Nbd2 Rc8 7. c3 e6 8. Qb3
Be7 9. h3 O-O 10. Rd1 Re8 11. Qc2 c5 12. dxc5 Nxc5 13. Bb5 Rf8 14. Nc4 d5 15.
Nce5 a6 16. Ba4 b5 17. Bb3 Qb6 18. a3 Nxb3 19. Qxb3 Rfd8 20. Nd4 Bc5 21. O-O Nd7
22. Qc2 Nxe5 23. Bxe5 f6 24. Bg3 e5 25. Nb3 Bf8 26. Qe2 a5 27. Qd3 b4 28. axb4
Ba6 29. Qc2 Bxf1 30. bxa5 Qa6 31. Rxf1 Rb8 32. Nd2 Qxa5 33. b4 Qc7 34. Rc1 Rdc8
35. Qf5 Bxb4 36. Nb1 Qe7 37. f3 Rc6 38. Rd1 Bd6 39. Rxd5 Qf7 40. Qd3 Rxb1+
{White resigns} 0-1

[Event "Team 45 45 League T81"]
[Site "Internet Chess Club"]
[Date "2019.07.14"]
[Round "3"]
[White "primerpaso"]
[Black "LinceHispano44"]
[Result "0-1"]
[WhiteElo "1696"]
[BlackElo "1781"]
[Opening "English opening"]
[ECO "D35"]
[Time "15:10:57"]
[TimeControl "2700+45"]

1. c4 e6 2. Nc3 d5 3. cxd5 exd5 4. d4 Nf6 5. g3 c6 6. Bg2 Bf5 7. Nf3 Nbd7 8. Bf4
Qb6 9. Qc1 Be7 10. O-O O-O 11. Rd1 h6 12. h3 Rfe8 13. Ne5 Nxe5 14. dxe5 Nd7 15.
Be3 Qd8 16. f4 h5 17. Bf2 f6 18. Nxd5 cxd5 19. Bxd5+ Kh8 20. e6 Bxh3 21. exd7
Qxd7 22. Bf7 Qf5 23. Bxe8 Qe4 {White resigns} 0-1

[Event "Team 45 45 League T81"]
[Site "Internet Chess Club"]
[Date "2019.07.14"]
[Round "3"]
[White "Portola"]
[Black "andrew37"]
[Result "1/2-1/2"]
[WhiteElo "1767"]
[BlackElo "1627"]
[Opening "King's Indian: East Indian defense"]
[ECO "A48"]
[Time "17:00:56"]
[TimeControl "2700+45"]

1. d4 Nf6 2. Nf3 g6 3. c3 Bg7 4. Bg5 e6 5. Nbd2 d5 6. e3 c6 7. Bd3 Qb6 8. Qb3
O-O 9. O-O Nbd7 10. Qxb6 axb6 11. Rfe1 Re8 12. a3 e5 13. dxe5 Nxe5 14. Nxe5 Rxe5
15. Bf4 Re8 16. h3 Nd7 17. Nf3 Nc5 18. Bc2 f5 19. a4 Ne4 20. Red1 Re7 21. Bxe4
Rxe4 22. Nd4 Re7 23. Rdc1 h6 24. b4 c5 25. bxc5 bxc5 26. Bd6 cxd4 27. Bxe7 dxc3
28. Ra3 Bd7 29. a5 Rc8 30. Bb4 c2 31. Ra2 Rc4 32. Bd2 Ba4 33. Rxa4 Rxa4 34. Rxc2
Rc4 35. Ra2 Rc6 36. h4 Kf7 37. g3 Ke6 38. Kg2 Be5 39. Kf3 g5 40. hxg5 hxg5 41.
Kg2 g4 42. Kg1 Bc3 43. Bxc3 Rxc3 44. a6 bxa6 45. Rxa6+ Ke5 46. Ra5 Ke4 47. Kg2
Rc4 48. Rb5 Rc2 49. Rb4+ Rc4 50. Rb5 Rc2 51. Rb4+ Rc4 52. Rb5 {Game drawn by
repetition} 1/2-1/2

[Event "Team 45 45 League T81"]
[Site "Internet Chess Club"]
[Date "2019.07.10"]
[Round "3"]
[White "julesraider"]
[Black "VictorRed"]
[Result "1/2-1/2"]
[WhiteElo "1609"]
[BlackElo "1701"]
[Opening "Sicilian defense"]
[ECO "B41"]
[Time "21:02:59"]
[TimeControl "2700+45"]

1. e4 c5 2. Nf3 e6 3. d4 cxd4 4. Nxd4 Bc5 5. c4 Qf6 6. Nf3 h6 7. e5 Qd8 8. Be2
Ne7 9. O-O Nbc6 10. Nc3 Ng6 11. Ne4 Be7 12. Nd6+ Kf8 13. Bd3 Ngxe5 14. Be4 Nxf3+
15. Bxf3 Bxd6 16. Qxd6+ Qe7 17. c5 Qxd6 18. cxd6 Nd4 19. Be4 f5 20. Bd3 b6 21.
Be3 Nc6 22. a3 Bb7 23. b4 Ne5 24. Be2 Kf7 25. Rac1 Rhc8 26. Bf4 Ng6 27. Bh5 Kf6
28. Be3 e5 29. Rc7 Rxc7 30. dxc7 Rc8 31. Rc1 Nh4 32. f3 g6 33. Bf2 Nxg2 34. Kxg2
gxh5 35. Bh4+ Ke6 36. Bd8 d5 37. Kg3 d4 38. Kf2 Kd5 39. Rg1 Ra8 40. Rg6 Kc4 41.
Rxh6 d3 42. Rd6 Kc3 43. Ke1 Bxf3 44. Bf6 Rc8 45. Rd8 Bb7 46. Bxe5+ Kc2 47. h4 a5
48. b5 Kb3 49. Rxd3+ Kc4 50. Rd8 Kxb5 51. Kd2 Ka4 52. Bd6 Kb5 53. Bf4 Ka4 54.
Bd6 f4 55. Bxf4 Kxa3 56. Kc3 b5 57. Rd1 b4+ 58. Kc4 Ba6+ 59. Kc5 b3 60. Ra1+ Kb2
61. Be5+ Kc2 62. Rh1 a4 63. Kb4 Re8 64. Rh2+ Kd3 65. Bb2 Re4+ 66. Ka3 Rc4 67.
Rh3+ Ke4 68. Rc3 Rxc3 69. Bxc3 Kd3 70. Be5 Kc2 71. Bf6 {Game drawn by mutual
agreement} 1/2-1/2

[Event "Team 45 45 League T81"]
[Site "Internet Chess Club"]
[Date "2019.07.10"]
[Round "3"]
[White "QuieroAprender"]
[Black "olivermx"]
[Result "1-0"]
[WhiteElo "1676"]
[BlackElo "1266"]
[Opening "Ruy Lopez: old Steinitz defense"]
[ECO "C62"]
[Time "21:35:44"]
[TimeControl "2700+45"]

1. e4 e5 2. Nf3 Nc6 3. Bb5 d6 4. c3 Bd7 5. b4 a6 6. Ba4 b5 7. Bb3 Be7 8. h3 Nf6
9. Ng5 O-O 10. d3 h6 11. Nf3 Na7 12. O-O c6 13. Re1 Qc7 14. Bb2 Nh5 15. Nbd2 Nf4
16. Nf1 Bf6 17. Ne3 Nc8 18. Rc1 Ne7 19. Ng4 Bxg4 20. hxg4 Qd7 21. Nh2 Neg6 22.
g3 Nh3+ 23. Kg2 Ng5 24. d4 Qc7 25. Rc2 Rad8 26. f3 Qb6 27. Rf2 exd4 28. cxd4 Ne6
29. Rd2 Bg5 30. f4 Ngxf4+ 31. gxf4 Nxf4+ 32. Kg3 Ne6 33. Rf2 Bf6 34. Nf3 g5 35.
Rh1 Bg7 36. d5 cxd5 37. Bxg7 Kxg7 38. exd5 Nf4 39. Rfh2 Rh8 40. Nd4 Rdf8 41.
Nf5+ Kg6 42. Rxh6+ {Black resigns} 1-0

[Event "Team 45 45 League T81"]
[Site "Internet Chess Club"]
[Date "2019.07.11"]
[Round "3"]
[White "KidRattler"]
[Black "julesraider"]
[Result "1-0"]
[WhiteElo "1627"]
[BlackElo "1593"]
[Opening "Caro-Kann: classical, Maróczy attack"]
[ECO "B18"]
[Time "20:01:01"]
[TimeControl "2700+45"]

1. e4 c6 2. d4 d5 3. Nc3 dxe4 4. Nxe4 Bf5 5. Ng3 Bg6 6. f4 h6 7. Nf3 Nd7 8. Ne5
Nxe5 9. fxe5 e6 10. Bc4 Qa5+ 11. Bd2 Bb4 12. c3 Be7 13. Qg4 h5 14. Qf3 O-O-O 15.
Ne2 h4 16. O-O-O Ba3 17. Bb3 Ne7 18. Bg5 Bh5 19. Qf2 Nd5 20. bxa3 Qxa3+ 21. Kd2
Qb2+ 22. Ke1 Nxc3 23. Nxc3 Qxc3+ 24. Qd2 Qxd2+ 25. Rxd2 Rd7 26. Bxh4 Bg6 27. g3
Be4 28. Rf1 Bf5 29. Rxf5 exf5 30. e6 fxe6 31. Bxe6 Re8 32. Re2 Kc7 33. Bxd7 Kxd7
34. Rxe8 Kxe8 35. Ke2 Kd7 36. Ke3 Ke6 37. Kf4 b5 38. Kg5 a5 39. Kg6 a4 40. Kxg7
b4 41. Bg5 b3 42. axb3 a3 43. Bc1 a2 44. Bb2 Kd5 45. h4 Ke4 46. h5 Kd3 47. h6
Kc2 48. Ba1 Kb1 49. h7 Kxa1 50. h8=Q Kb1 51. Qh1+ Kb2 52. Qg2+ Kxb3 53. Qxa2+
Kxa2 54. Kf6 Kb3 55. Kxf5 Kc4 56. Ke4 c5 57. dxc5 Kxc5 58. Ke5 Kc6 59. Ke6 Kc7
60. g4 Kd8 61. Kf7 Kd7 62. g5 Kd6 63. g6 Ke5 64. g7 Kf5 65. g8=Q Ke4 66. Qg5 Kd4
67. Ke6 Ke4 68. Qg4+ {Black resigns} 1-0

[Event "Team 45 45 League T81"]
[Site "Internet Chess Club"]
[Date "2019.07.14"]
[Round "3"]
[White "Balderdash"]
[Black "bardu"]
[Result "1/2-1/2"]
[WhiteElo "1335"]
[BlackElo "1286"]
[Opening "Giuoco Piano: four knights variation"]
[ECO "C47"]
[Time "15:07:25"]
[TimeControl "2700+45"]

1. e4 e5 2. Nf3 Nc6 3. Nc3 Nf6 4. Bc4 Bc5 5. Ng5 O-O 6. Na4 Bb6 7. Nxb6 axb6 8.
c3 d6 9. b4 Ng4 10. d4 exd4 11. cxd4 Nxb4 12. Qb3 Nc6 13. Bxf7+ Kh8 14. Bd5 Nxd4
15. Qc4 c5 16. Nf7+ Rxf7 17. Bxf7 Ne5 18. Qd5 Nc2+ 19. Kd2 Nxa1 20. Bb2 Qg5+ 21.
Kc3 Qxg2 22. Rxa1 Qf3+ 23. Kc2 Qxf2+ 24. Kb1 Qxf7 25. Qxd6 Nc4 26. Qd8+ Qg8 27.
Bxg7+ Kxg7 28. Qg5+ Kh8 29. Qf6+ Qg7 30. Qd8+ Qg8 31. Qf6+ Qg7 32. Qd8+ Qg8 33.
Qf6+ Qg7 {Game drawn by repetition} 1/2-1/2

[Event "Team 45 45 League T81"]
[Site "Internet Chess Club"]
[Date "2019.07.14"]
[Round "3"]
[White "Toalla"]
[Black "guyd52"]
[Result "0-1"]
[WhiteElo "1235"]
[BlackElo "1250"]
[Opening "Réti opening"]
[ECO "E68"]
[Time "19:01:24"]
[TimeControl "2700+45"]

1. Nf3 g6 2. c4 Bg7 3. d4 d6 4. g3 Nf6 5. Bg2 c6 6. O-O Nbd7 7. Nc3 O-O 8. e4 e5
9. Be3 exd4 10. Bxd4 Re8 11. Re1 b6 12. e5 dxe5 13. Bxe5 Ba6 14. b3 Nxe5 15.
Nxe5 Qxd1 16. Raxd1 Rad8 17. Nxc6 Rxe1+ 18. Rxe1 Rd3 19. Ne7+ Kf8 20. Ncd5 Nxd5
21. cxd5 Rd2 22. d6 Bd4 23. Kh1 Bxf2 24. d7 Bxe1 25. Nd5 Rxd5 26. Bxd5 Ke7 27.
Bc6 h5 28. Kg2 Bd3 29. Kf3 Bf5 30. a3 Bxd7 31. Bxd7 Kxd7 32. b4 b5 33. Ke4 Ke6
34. Kd4 Bf2+ 35. Ke4 f5+ 36. Kf4 Kf6 37. Kf3 Bd4 38. h3 Bb2 39. g4 hxg4+ 40.
hxg4 Bxa3 41. gxf5 gxf5 {White resigns} 0-1

[Event "Team 45 45 League T81"]
[Site "Internet Chess Club"]
[Date "2019.07.13"]
[Round "3"]
[White "mongmong"]
[Black "dalmata"]
[Result "0-1"]
[WhiteElo "1547"]
[BlackElo "1539"]
[Opening "Queen's pawn"]
[ECO "A40"]
[Time "17:00:31"]
[TimeControl "2700+45"]

1. d4 e6 2. Nf3 d5 3. e3 c5 4. c3 Nc6 5. Bd3 Nf6 6. Nbd2 Be7 7. O-O c4 8. Bc2
O-O 9. Qe2 b5 10. e4 b4 11. e5 Nd7 12. h3 Rb8 13. Nh2 bxc3 14. bxc3 Qa5 15. Nb1
f6 16. exf6 Nxf6 17. Bg5 h6 18. Bxf6 Bxf6 19. Qh5 Ne7 20. Ng4 Nf5 21. Nxf6+ Rxf6
22. g4 g6 23. g5 gxh5 24. gxf6 Kf7 25. Kh1 {White resigns} 0-1

[Event "Team 45 45 League T81"]
[Site "Internet Chess Club"]
[Date "2019.07.12"]
[Round "3"]
[White "smsxman"]
[Black "rkjulianjr"]
[Result "1-0"]
[WhiteElo "1347"]
[BlackElo "1297"]
[Opening "Four knights: Spanish variation"]
[ECO "C48"]
[Time "13:00:15"]
[TimeControl "2700+45"]

1. e4 e5 2. Nf3 Nc6 3. Nc3 Nf6 4. Bb5 Bd6 5. O-O O-O 6. Re1 Re8 7. Bxc6 dxc6 8.
d4 Bg4 9. Qd3 Bxf3 10. Qxf3 exd4 11. Nd1 Qe7 12. Bg5 Qe5 13. Bxf6 Qxh2+ 14. Kf1
gxf6 15. Qxf6 Qh1+ 16. Ke2 Rxe4+ 17. Ne3 Qh5+ 18. Kd3 Rae8 19. Nf5 Qg4 20. Nh6+
{Black resigns} 1-0

[Event "Team 45 45 League T81"]
[Site "Internet Chess Club"]
[Date "2019.07.12"]
[Round "3"]
[White "kabindra"]
[Black "Portola"]
[Result "0-1"]
[WhiteElo "1655"]
[BlackElo "1774"]
[Opening "French: advance, Euwe variation"]
[ECO "C02"]
[Time "18:00:26"]
[TimeControl "2700+45"]

1. e4 e6 2. d4 d5 3. e5 c5 4. c3 Nc6 5. Nf3 Bd7 6. Bd3 Qb6 7. O-O cxd4 8. cxd4
Nxd4 9. Nbd2 Nc6 10. Nb3 Qc7 11. Re1 Bb4 12. Bd2 Bxd2 13. Qxd2 Nge7 14. Qg5 Ng6
15. h4 Qd8 16. Qg3 Nb4 17. Bb1 O-O 18. a3 Na6 19. h5 Ne7 20. Nfd4 Rc8 21. Qd3 g6
22. Qg3 Kh8 23. hxg6 fxg6 24. Qh3 Qb6 25. Qh4 Nf5 26. Bxf5 gxf5 27. Qe7 Qd8 28.
Qd6 Qe8 29. Re3 Rg8 30. Rg3 Rxg3 31. fxg3 b6 32. Re1 Rc4 33. Nxf5 Nc5 34. Nd2
Rc2 35. b4 Nd3 36. Re2 Rc1+ 37. Nf1 Bb5 38. Nd4 Bd7 39. Re3 Nb2 40. Rf3 Kg7 41.
Rf6 Nc4 42. Qc7 Kg8 43. Nf3 Rd1 44. Ng5 Ne3 45. Qc3 Rxf1+ 46. Rxf1 Nxf1 47. Qd3
Qe7 48. Nh3 Qg7 49. Qxf1 Qxe5 50. Kh2 d4 51. Nf4 Qf6 52. Qc4 Kf7 53. Ne2 Qh6+
54. Kg1 Qe3+ 55. Kh2 d3 56. Nc3 Qh6+ 57. Kg1 Qc1+ 58. Kh2 d2 59. Qd3 Qxc3 60.
Qxd7+ Kf6 61. Qd8+ Kf5 62. Qd7 Qe3 63. Qxh7+ Ke5 64. Qh5+ Kd4 65. Qg4+ Kd3 66.
Qh5 Kc2 67. Qh7+ Kc1 68. Qc7+ Kd1 {White resigns} 0-1